 Dungeon Crawl Stone Soup version 0.27-a0-1196-g3e9cee4cb2 (webtiles) character file.

Game seed: 12315992960626176411

128 Ijustatesigmund the Chopper (level 4, -6/37 HPs)
             Began as a Demonspawn Fighter on May 27, 2021.
             Mangled by an orc
             ... wielding a +0 trident
              (7 damage)
             ... on level 3 of the Dungeon.
             The game lasted 00:03:27 (2559 turns).

Ijustatesigmund the Chopper (Demonspawn Fighter)    Turns: 2559, Time: 00:03:28

Health: -6/37      AC: 11    Str: 16    XL:     4   Next: 87%
Magic:  4/4        EV:  5    Int:  9    God:
Gold:   72         SH:  8    Dex: 14    Spells: 3/3 levels left

rFire    . . .     SeeInvis .   a - +0 war axe
rCold    . . .     Faith    .   c - +0 kite shield
rNeg     . . .     Spirit   .   b - +0 chain mail
rPois    .         Reflect  .   (no helmet)
rElec    .         Harm     .   h - scarf {+Inv}
rCorr    .         Rampage  .   (no gloves)
Will     .....                  i - +1 pair of boots
Stlth    ..........             (no amulet)
HPRegen  0.12/turn              (no ring)
MPRegen  0.09/turn              (no ring)

@: mighty
A: foul stench 1, sturdy frame 1
a: Evoke Invisibility


You were on level 3 of the Dungeon.
You visited 1 branch of the dungeon, and saw 3 of its levels.

You collected 72 gold pieces.

Inventory:

Hand Weapons
 a - a +0 war axe (weapon)
Armour
 b - a +0 chain mail (worn)
 c - a +0 kite shield (worn)
 h - a scarf of invisibility (worn)
 i - a +1 pair of boots (worn)
Scrolls
 j - 2 scrolls of identify


   Skills:
 + Level 4.0 Fighting
 * Level 4.0 Axes
 - Level 2.6 Armour
 - Level 2.6 Shields


You had 3 spell levels left.
You didn't know any spells.
Your spell library contained the following spells:

 Spells                   Type           Power      Damage    Failure   Level
 Animate Skeleton         Necr           0%         N/A       100%        1
 Apportation              Tloc           0%         N/A       100%        1
 Corona                   Hex            0%         N/A       100%        1
 Summon Small Mammal      Summ           0%         N/A       100%        1


Dungeon Overview and Level Annotations

Branches:
Dungeon (3/15)

Altars:
Makhleb


Innate Abilities, Weirdness & Mutations

You may rarely emit foul miasma when damaged in melee.
Your movements are slightly less encumbered by armour. (ER -2)


Message History

You block the orc's attack. The orc hits you but does no damage.
You block the orc's attack.
Your Fighting skill increases to level 4!
You slash the orc!
You kill the orc!
You feel sick. You block the orc's attack. The orc hits you but does no damage.
You barely miss the orc priest.
You feel sick.
The orc priest hits you but does no damage.
The orc hits you but does no damage.
The orc priest hits you but does no damage.
You closely miss the orc priest.
You feel sick. The orc hits you but does no damage.
The orc priest hits you with a +0 dagger.
* * * LOW HITPOINT WARNING * * *
The orc hits you but does no damage.
You hit the orc priest.
The orc priest is lightly wounded.
You feel sick.
You are no longer poisoned.
The orc priest hits you but does no damage.
The orc barely misses you.
The orc priest hits you but does no damage.
Okay, then.
Your shield prevents you from hitting the orc priest.
The orc priest is lightly wounded.
The orc barely misses you.
The orc priest calls down the wrath of Beogh upon you.
Pain shoots through your body!
* * * LOW HITPOINT WARNING * * *
You block the orc's attack.
The orc priest hits you with a +0 dagger.
* * * LOW HITPOINT WARNING * * *
You closely miss the orc priest.
The orc priest is lightly wounded.
You block the orc's attack.
The orc priest hits you but does no damage.
You slash the orc priest!
You kill the orc priest!
The orc hits you from afar with a +0 trident!
You die...

............#
............######
..).........'....#
............####.#
............# #.#
>...........# #.#
############# #.#
..... #.# #####
#@# ...
.###+##)#######
###
.......wo...... #
............... #
.....#......... #
...#........... #
.....#......... #
#..#........... #
#....#........?


You could see a dart slug and an orc.

Vanquished Creatures
  2 orc priests (D:3)
  3 adders
  A worm (D:2)
  2 orcs (D:3)
  A bat (D:1)
  8 endoplasms
  2 giant cockroaches
  9 goblins
  7 hobgoblins
  5 jackals
  A quokka (D:2)
  6 ball pythons
  6 frilled lizards
  2 kobolds (D:2)
  6 rats
61 creatures vanquished.

Vanquished Creatures (collateral kills)
  A bat (D:2)
1 creature vanquished.

Grand Total: 62 creatures vanquished

Notes
Turn   | Place    | Note
-------+----------+-------------------------------------------
     0 | D:1      | Ijustatesigmund the Demonspawn Fighter began the quest for
                  | the Orb.
     0 | D:1      | Reached XP level 1. HP: 18/18 MP: 1/1
   162 | D:1      | Gained mutation: Your movements are slightly less
                  | encumbered by armour. (ER -2) [demonic ancestry]
   162 | D:1      | Reached XP level 2. HP: 20/24 MP: 2/2
   775 | D:1      | Reached XP level 3. HP: 29/29 MP: 3/3
   887 | D:1      | Found a faded altar of an unknown god.
  1199 | D:2      | Found a burning altar of Makhleb.
  1804 | D:2      | Gained mutation: You may rarely emit foul miasma when
                  | damaged in melee. [demonic ancestry]
  1804 | D:2      | Reached XP level 4. HP: 24/37 MP: 4/4
  2557 | D:3      | HP: 1/37 [orc priest/+0 dagger (2)]
  2559 | D:3      | Mangled by an orc

Illustrated notes

Levels and vault maps discovered:
D:1:      scummos_arrival_hexagon, layout_rooms,
          hellmonk_ecumenical_altar_heavens_door
D:2:      layout_basic, basic_altar, st_stairs_14
D:3:      layout_basic, gammafunk_temple_overflow_forgotten,
          minmay_misc_feat_chi, minmay_misc_feat_pillars

Skill      XL: |  1  2  3  4 |
---------------+-------------+-----
Axes           | 2 3 4 |  4.0
Fighting       | 4 |  4.0
Armour         | |  2.6
Shields        | |  2.6

Action                   |  1- 3 |  4- 6 || total
-------------------------+-------+-------++-------
Melee: War axe           |   135 |    62 ||   197
  Use: Scroll            |     3 |     4 ||     7
       Potion            |       |     2 ||     2
Armor: Scale mail        |    62 |       ||    62
       Chain mail        |     9 |    48 ||    57
Dodge: Dodged            |    46 |    14 ||    60
Block: Kite shield       |    66 |    42 ||   108

Table legend: (Time is in decaauts)
 A = Elapsed time spent in this place.
 B = Non-inter-level travel time spent in this place.
 C = Inter-level travel time spent in this place.
 D = Time resting spent in this place.
 E = Time spent auto-exploring this place.
 F = Levels seen in this place.
 G = Mean time per level.
                   A        B        C        D        E       F      G
               +--------+--------+--------+--------+--------+-----+--------+
         Total |   2675 |   2647 |     28 |    394 |   1751 |   3 |  891.7 |
       Dungeon |   2675 |   2647 |     28 |    394 |   1751 |   3 |  891.7 |
               +--------+--------+--------+--------+--------+-----+--------+

Top non-repeatable levels by time:
     D:1: 1037 daAuts
     D:2: 972 daAuts
     D:3: 665 daAuts
